[Event "*** Titled Tuesday 3|2 Blitz"]
[Site "Chess.com"]
[Date "2015.06.02"]
[Round "4"]
[White "AnastasiaProtopopova"]
[Black "only_defence"]
[Result "0-1"]
[WhiteElo "1857"]
[BlackElo "2053"]
[TimeControl "180+2"]
[EndTime "11:47:49 PDT"]
[Termination "only_defence won on time"]

1. Nf3 Nf6 2. c4 e6 3. Nc3 Bb4 4. Qc2 d5 5. a3 Be7 6. d4 O-O 7. Bf4 a6 8. e3 Nbd7 9. Bd3 dxc4 10. Bxc4 b5 11. Be2 Bb7 12. O-O c5 13. Rad1 Qb6 14. Ne5 cxd4 15. exd4 Rac8 16. Bd3 Rfd8 17. Bg5 h6 18. Bf4 Nb8 19. Be3 Qc7 20. Qe2 Nc6 21.
Nxc6 Qxc6 22. f3 Qb6 23. Ne4 Nd5 24. Bf2 Nf4 25. Qd2 Nxd3 26. Qxd3 Bd5 27. Nc3 Bc4 28. Qe4 Bxf1 29. Kxf1 Bxa3 30. d5 Bc5 31. Bh4 Re8 32. Qg4 Be7 33. Bf2 Qc7 34. Bd4 e5 35.
Be3 Qc4+ 36. Qxc4 Rxc4 37. d6 Bd8 38. Nd5 Rc6 39. d7 Ree6 40. Nc3 Red6 41. Re1 Rxd7 42. Bf2 f6 43. f4 exf4 44. Re8+ Kf7 45. Re4 Bb6 46. Bxb6 Rxb6 47. Rxf4 g5 48. Rf3 Re6 49. Kf2 b4 0-1

[Event "*** Titled Tuesday 3|2 Blitz"]
[Site "Chess.com"]
[Date "2015.06.02"]
[Round "4"]
[White "WanderingPuppet"]
[Black "1random"]
[Result "0-1"]
[WhiteElo "2119"]
[BlackElo "2040"]
[TimeControl "180+2"]
[EndTime "11:48:08 PDT"]
[Termination "1random won on time"]

1. e4 c6 2. Nc3 d5 3. Nf3 Bg4 4.
d4 e6 5. Be2 Nf6 6. Qd3 dxe4 7.
Nxe4 Nbd7 8. O-O Nxe4 9. Qxe4 Bf5 10. Qf4 Bxc2 11. Be3 Be7 12. Rac1 Bg6 13. Ne5 Nxe5 14. dxe5 O-O 15. Rfd1 Qc7 16. h4 h6 17. Qg3 Kh8 18.
Rc4 Rad8 19. Rg4 Rxd1+ 20. Bxd1 h5 21. Rxg6 fxg6 22. Qxg6 Qxe5 23. Bc2 Rf5 24. Bxf5 Qxf5 25. Qe8+ Bf8 26. g3 Kh7 27. Bxa7 Qb1+ 28. Kh2 Qxa2 29.
Qxh5+ Kg8 30. Bd4 Qd5 31. Qxd5 exd5 32. g4 c5 33. Be5 b5 34. f4 Kf7 35. h5 b4 36. g5 c4 37. f5 Bc5 38. h6 gxh6 39.
gxh6 Kg8 40. Kh3 d4 41. Kg4 c3 42. bxc3 dxc3 43. Kh5 Kh7 44. f6 c2 45. Bb2 Bd4 46. f7 Bc5 47. Bc1 Bf8 48. Bb2 Bxh6 49. Kg4 Bf8 50. Kf5 b3 51. Ke4 Bg7 52. Bc1 Kg6 53.
Kd3 Kxf7 54. Ba3 Ke6 55. Kc4 b2 0-1

[Event "*** Titled Tuesday 3|2 Blitz"]
[Site "Chess.com"]
[Date "2015.06.02"]
[Round "4"]
[White "iFrancisco"]
[Black "esr44"]
[Result "1-0"]
[WhiteElo "2298"]
[BlackElo "2015"]
[TimeControl "180+2"]
[EndTime "11:48:14 PDT"]
[Termination "iFrancisco won on time"]

1. e4 c6 2. d4 d5 3. e5 c5 4. c3 Nc6 5. Nf3 Bg4 6. dxc5 e6 7.
b4 Qc7 8. Bf4 Nge7 9. Bb5 Ng6 10. Qd4 Bxf3 11. gxf3 Be7 12. Bg3 O-O 13. Bxc6 Qxc6 14.
Nd2 b6 15. cxb6 axb6 16. O-O Rfc8 17. Rfc1 Ra3 18. Nb1 Ra4 19. Nd2 h5 20. h3 Rca8 21. Kg2 Rxa2 22. Nb3 Qc4 23. Rxa2 Rxa2 24. Qxc4 dxc4 25.
Nd4 Bg5 26. Rd1 Be3 27. Nc6 h4 28. Kg1 Bg5 29. Bh2 Nf4 30. Bxf4 Bxf4 31. Rd8+ Kh7 32. Rd4 Ra1+ 33. Kg2 g5 34. Rxc4 b5 35. Rc5 Ra2 36. Rxb5 Be3 37. Rb7 Rxf2+ 38. Kh1 Rxf3 39. Nd8 Kg6 40.
Kg2 Rf2+ 41. Kh1 Rf1+ 42. Kg2 Rf2+ 43. Kh1 Rf5 44. c4 Rf1+ 45. Kg2 Rf2+ 46. Kh1 g4 47. hxg4 h3 48. Nxf7 h2 49. Nh8+ Kg5 50. Rg7+ Kh4 51. Rf7 Rxf7 52. Nxf7 Kxg4 53. c5 Kf5 54. c6 Bb6 55.
Kxh2 Bc7 56. Kg2 Kg6 57. Nd6 Kg5 58. b5 Kf4 59. Nc4 Ke4 60. b6 Kd5 61. bxc7 1-0

[Event "*** Titled Tuesday 3|2 Blitz"]
[Site "Chess.com"]
[Date "2015.06.02"]
[Round "4"]
[White "MrHenriksson"]
[Black "GregShahade"]
[Result "1/2-1/2"]
[WhiteElo "2064"]
[BlackElo "2329"]
[TimeControl "180+2"]
[EndTime "11:48:17 PDT"]
[Termination "Game drawn - insufficient material"]

1. d4 Nf6 2. g3 c5 3. dxc5 e6 4. Be3 Na6 5. Bg2 Bxc5 6. Bxc5 Nxc5 7. Qd6 Qe7 8. Qxe7+ Kxe7 9. Nc3 d5 10. Nf3 Bd7 11.
Nd2 Rac8 12. Nb3 Nxb3 13. axb3 d4 14. Nd1 a6 15. c3 dxc3 16. Nxc3 Bc6 17. O-O Rhd8 18.
Rfd1 Bxg2 19. Kxg2 Nd7 20. b4 Nb6 21. b5 Rxd1 22.
Rxd1 axb5 23. Nxb5 Rc2 24. Nd6 Rxb2 25. Nxb7 Rxe2 26. Kf3 Rb2 27. Nd6 Nd5 28. Nf5+ Kf6 29. Ne3 Rb3 30. Rd4 g5 31. h4 h6 32. hxg5+ hxg5 33. Ke2 Rb2+ 34. Kf3 Rb3 35. Ke2 Nc3+ 36. Kf3 Nb5 37. Rc4 Nd6 38. Rc5 Kg6 39. Kg2 Rb2 40.
Rc2 Rxc2 41. Nxc2 Kf5 42. Ne3+ Ke4 43. Ng4 f5 44. Nh6 g4 45. Ng8 Ke5 46. Ne7 Ne4 47. Ng6+ Kd4 48. Nf4 Ng5 49. Ng6 Kd3 50. Ne5+ Ke2 51. Ng6 Ke1 52. Nf4 Kd2 53. Ng6 Ke2 54. Nf4+ Ke1 55. Ng6 Nh3 56. f3 gxf3+ 57. Kxf3 Kd2 58.
g4 Ng1+ 59. Kg2 fxg4 60. Kxg1 Ke2 61. Kg2 e5 62. Nxe5 Ke3 63. Nxg4+ 1/2-1/2

[Event "*** Titled Tuesday 3|2 Blitz"]
[Site "Chess.com"]
[Date "2015.06.02"]
[Round "4"]
[White "MartinZumsande"]
[Black "David_Klein"]
[Result "0-1"]
[WhiteElo "2301"]
[BlackElo "2273"]
[TimeControl "180+2"]
[EndTime "11:48:18 PDT"]
[Termination "David_Klein won by resignation"]

1. e4 g6 2. d4 Bg7 3. Nc3 d6 4.
f4 a6 5. Nf3 b5 6. Bd3 Bb7 7. e5 c5 8. Be3 c4 9. Be2 Nh6 10. O-O Ng4 11. Qc1 Nxe3 12. Qxe3 O-O 13. Ng5 e6 14. Rad1 Nd7 15. Nce4 Bxe4 16. Nxe4 d5 17.
Nd6 Nb6 18. g4 Nc8 19. Nxc8 Rxc8 20. f5 Qh4 21. Qf2 Qxf2+ 22. Kxf2 f6 23. exf6 Bxf6 24. Kg3 exf5 25. gxf5 Kg7 26. fxg6 hxg6 27. Bf3 c3 28. b3 Rcd8 29. a3 Be7 30. Rd3 Bxa3 31. Rxc3 Bb2 32. Rc7+ Kh6 33. Rd1 Rc8 34. Rc5 Bxd4 35. Rxd5 Ba7 36.
Be4 Rce8 37. Bf3 Re3 38. Rf1 Rc3 39. Rd2 Rfc8 40. Kg4 Rxc2 41. Rxc2 Rxc2 42. Bb7 Rxh2 43. Bxa6 b4 44. Bc4 Bd4 45. Bd5 Rc2 46. Rh1+ Kg7 47.
Rh3 Rc5 48. Bc4 Bc3 49. Rd3 Kf6 50. Rd5 Rc8 51. Rb5 Rd8 52. Rb6+ Kg7 53. Kg5 Bd2+ 54. Kg4 Bc3 55. Kg5 Bd2+ 56. Kg4 Rd4+ 57. Kf3 Bc3 58.
Rb5 Kh6 59. Kg3 Bd2 60. Bf7 g5 61. Rb6+ Kg7 62. Be6 Kf6 63. Bc4+ Ke5 64. Rb5+ Kf6 65. Rb6+ Kf5 66. Rb5+ Ke4 67. Kg4 Rd8 68. Be6 Kd4 69.
Rb7 Kc3 70. Rd7 Rxd7 71. Bxd7 Kxb3 72. Kf3 Kc2 73. Ke2 Bf4 74. Ba4+ b3 75. Ke1 Kc3 76.
Ke2 b2 0-1

[Event "*** Titled Tuesday 3|2 Blitz"]
[Site "Chess.com"]
[Date "2015.06.02"]
[Round "4"]
[White "GMNeiksans"]
[Black "E-Shaposhnikov"]
[Result "1-0"]
[WhiteElo "2519"]
[BlackElo "2345"]
[TimeControl "180+2"]
[EndTime "11:49:12 PDT"]
[Termination "GMNeiksans won by resignation"]

1. Nf3 c5 2. g3 Nc6 3. Bg2 g6 4. d4 cxd4 5. Nxd4 Bg7 6. Nb3 Nf6 7. c4 a5 8. Nc3 a4 9. Nc5 a3 10. O-O axb2 11. Bxb2 O-O 12. Rb1 d6 13. Nd3 Na5 14. c5 d5 15. Ne5 Bf5 16. Rc1 e6 17. Nb5 Nc6 18. Qb3 Na5 19. Qe3 Nc6 20. Qb3 Qa5 21. Nd6 Qxa2 22. Qxa2 Rxa2 23. Nxc6 bxc6 24. Bxf6 Bxf6 25.
Nxf5 gxf5 26. e3 Rb8 27. Rb1 Rxb1 28. Rxb1 Rc2 29. Rb7 Rxc5 30. Bf3 Rc1+ 31. Kg2 Kf8 32. Bh5 Be7 33. Rb8+ Kg7 34. Re8 Bf8 35. Rc8 Be7 36. Re8 Kf6 37. Rh8 e5 38. Rxh7 c5 39. Bxf7 d4 40. Bd5 Bd8 41. Rf7+ Kg6 42. Rd7 Bf6 43. h4 c4 44. Bf7+ Kh6 45. Be6 f4 46. Bf5 Bg7 47.
g4 dxe3 48. fxe3 fxe3 49. Kf3 Rf1+ 50. Kxe3 c3 51. Rc7 e4 52. Bxe4 Re1+ 53. Kf3 Rf1+ 54. Ke3 Re1+ 55. Kd3 Rd1+ 56. Kc2 Rd2+ 57. Kb3 Rb2+ 58.
Ka4 Ra2+ 59. Kb5 Rb2+ 60. Ka6 Ra2+ 61. Kb7 Rb2+ 62. Kc8 Rh2 63. Rc6+ Bf6 64. Rxf6+ Kg7 65. Rg6+ Kf7 66. Rc6 Rxh4 67. Bf5 Rh3 68. Kc7 Re3 69. Kb6 Ke7 70. Kb5 Kf7 71. Kb4 Rf3 72. Rxc3 Rf1 73. Rc6 Rd1 74. Kc5 Rd2 75. Rd6 Re2 76.
Kd5 Ke7 77. Re6+ 1-0

[Event "*** Titled Tuesday 3|2 Blitz"]
[Site "Chess.com"]
[Date "2015.06.02"]
[Round "4"]
[White "Krutoy123"]
[Black "ChadaevNikolay"]
[Result "0-1"]
[WhiteElo "2086"]
[BlackElo "2656"]
[TimeControl "180+2"]
[EndTime "11:49:47 PDT"]
[Termination "ChadaevNikolay won on time"]

1. e4 c5 2. Nf3 g6 3. d4 cxd4 4.
Nxd4 Bg7 5. c4 Nc6 6. Be3 Nf6 7.
Nc3 O-O 8. Be2 d6 9. O-O Bd7 10. Qd2 Nxd4 11. Bxd4 Bc6 12. f3 a5 13. b3 Nd7 14.
Be3 Nc5 15. Rab1 Qb6 16. Rfc1 Rfc8 17. Bf1 Qb4 18. Rc2 h5 19. Qc1 Qb6 20. Kh1 Kh7 21.
Qe1 Qb4 22. Qc1 Qb6 23. Qe1 Qd8 24. a3 Kg8 25. Qf2 Kh7 26. Ne2 Ne6 27. Nc3 Nc5 28. Qd2 Kg8 29. Ne2 Ne6 30. Nc3 Nc5 31. Ne2 Bd7 32. Nd4 Ne6 33. Ne2 b5 34. Nc1 Qc7 35.
Nd3 bxc4 36. Rxc4 Qb7 37. Nf2 Bb5 38. Rxc8+ Rxc8 39. Bxb5 Qxb5 40. a4 Qb7 41. Nd1 Qa6 42. Kg1 Rb8 43. Kf2 Nc5 44. Bxc5 dxc5 45. Qc2 Bd4+ 46.
Ne3 Qb6 47. Qc4 Qc7 48. g3 Rb4 49. Qd3 Qb6 50. Ke2 Bxe3 51. Qxe3 c4 52. Qxb6 Rxb6 53. Kd2 cxb3 54. Kc3 Rb4 55. Rxb3 Rxa4 56. Rb7 e6 57. Kd3 Ra2 58. Ra7 Rxh2 59. Ke3 Ra2 60. Kf4 Kg7 61. Kg5 a4 62. g4 hxg4 63. Kxg4 a3 64. Kf4 Ra1 65. Ke5 g5 66. Ra8 a2 67. Ra7 Kg6 68.
Ra8 Rf1 69. Rxa2 Rxf3 70. Ra8 Kg7 71. Ra2 Rf4 72. Rg2 Kg6 73. Re2 Rh4 74. Rf2 Rf4 75. Re2 Rf3 76. Rg2 Kh5 77. Rh2+ Kg4 78. Rh7 f5 0-1

[Event "*** Titled Tuesday 3|2 Blitz"]
[Site "Chess.com"]
[Date "2015.06.02"]
[Round "4"]
[White "IMRosen"]
[Black "Aragon"]
[Result "1-0"]
[WhiteElo "2263"]
[BlackElo "2110"]
[TimeControl "180+2"]
[EndTime "11:50:02 PDT"]
[Termination "IMRosen won by checkmate"]

1. e4 d5 2. exd5 Qxd5 3. Nc3 Qd6 4. d4 Nf6 5. g3 c6 6. Bf4 Qd8 7. Bg2 Bf5 8. Nf3 e6 9. O-O Nbd7 10. Qe2 Be7 11.
Rad1 Nd5 12. Bd2 O-O 13. Rfe1 Bxc2 14. Rc1 Bg6 15. Ne5 Nxe5 16. dxe5 Nb4 17. Red1 Nd3 18. Rb1 Qa5 19. Nd5 Qd8 20. Ba5 b6 21. Nxe7+ Qxe7 22. Bc3 Nc5 23. Rbc1 Rac8 24. Bb4 Rfd8 25. h4 Rxd1+ 26.
Rxd1 h6 27. Qe3 Kh7 28. Rc1 Rd8 29. Bxc5 bxc5 30. Rxc5 Rd1+ 31. Kh2 Qd7 32. Rxc6 Qd2 33. Qxd2 Rxd2 34. Ra6 Rxb2 35. Rxa7 Rxf2 36. Kg1 Re2 37. Ra5 Rb2 38. a3 Rb1+ 39. Kf2 Rb2+ 40. Kf1 Bd3+ 41.
Kg1 Re2 42. Bf3 Re1+ 43. Kf2 Ra1 44. Ra7 Bc4 45. Be4+ g6 46. Rxf7+ Kg8 47. Ra7 g5 48. hxg5 hxg5 49. Kf3 Re1 50. Ra5 Kf8 51. Bg6 Bd5+ 52.
Kf2 Rxe5 53. Ra7 Kg8 54. a4 Bb3 55. a5 Rd5 56. Ke3 Rd1 57. Bd3 Ra1 58. a6 Ra3 59. Kd2 Bd5 60. Rc7 g4 61. a7 Kf8 62. Ke3 Ke8 63. Kd4 Kd8 64. Rg7 Kc8 65. Be2 Ra2 66. Bxg4 Ra4+ 67. Kc5 Ra1 68. Kd6 Ra6+ 69. Ke5 Ra3 70.
Bxe6+ Bxe6 71. Kxe6 Re3+ 72. Kf5 Rf3+ 73. Ke4 Ra3 74. g4 Ra5 75. Kf4 Ra4+ 76. Kg3 Ra1 77. Kh4 Rh1+ 78. Kg5 Ra1 79. Kh5 Ra5+ 80. g5 Ra1 81.
Kg6 Ra6+ 82. Kh7 Ra1 83. g6 Rh1+ 84. Kg8 Rf1 85. a8=Q# 1-0

[Event "*** Titled Tuesday 3|2 Blitz"]
[Site "Chess.com"]
[Date "2015.06.02"]
[Round "5"]
[White "zmaj23"]
[Black "AlexanderL"]
[Result "0-1"]
[WhiteElo "2416"]
[BlackElo "2535"]
[TimeControl "180+2"]
[EndTime "11:52:52 PDT"]
[Termination "AlexanderL won by resignation"]

1. e4 d5 2. exd5 Qxd5 3. Nc3 Qd6 4. Nf3 Nf6 5. d4 c6 6. g3 Bg4 7. Bg2 e6 8. h3 Bh5 9. g4 Bg6 10. Ne5 Nbd7 11. Bf4 Qb4 12. Qd2 Nxe5 13. Bxe5 O-O-O 14. O-O-O Bd6 15. f4 Bxe5 16. fxe5 Nd7 17. h4 Nxe5 18. h5 Nc4 0-1

[Event "*** Titled Tuesday 3|2 Blitz"]
[Site "Chess.com"]
[Date "2015.06.02"]
[Round "5"]
[White "facu57"]
[Black "lexiel"]
[Result "1-0"]
[WhiteElo "2200"]
[BlackElo "1913"]
[TimeControl "180+2"]
[EndTime "11:54:33 PDT"]
[Termination "facu57 won by resignation"]

1. e4 d6 2. d4 Nf6 3. Nc3 e5 4.
dxe5 dxe5 5. Qxd8+ Kxd8 6. Nf3 Nbd7 7. Ng5 Ke8 8. Bc4 Bc5 9. Bxf7+ Ke7 10. Bb3 h6 11.
Ne6 Bb6 12. Nxg7 Nc5 13. Nf5+ Bxf5 14. exf5 Nxb3 15. axb3 Rhg8 16. O-O h5 17. Be3 h4 18.
Rfe1 h3 19. g3 Ng4 20. Bxb6 cxb6 21. f3 Nh6 22. Rxe5+ Kf7 23. Ne4 Rad8 24. Rxa7 Rd1+ 25. Kf2 Rh1 26. Rxb7+ Kf8 27. Nd6 Rxh2+ 28. Ke3 1-0

[Event "*** Titled Tuesday 3|2 Blitz"]
[Site "Chess.com"]
[Date "2015.06.02"]
[Round "5"]
[White "9ShMat2"]
[Black "Genghis_K"]
[Result "1/2-1/2"]
[WhiteElo "2505"]
[BlackElo "2558"]
[TimeControl "180+2"]
[EndTime "11:54:45 PDT"]
[Termination "Game drawn by agreement"]

1. e4 c5 2. c3 Nf6 3. e5 Nd5 4. d4 cxd4 5. Nf3 d6 6. cxd4 Nc6 7. Bc4 Nb6 8. Bb5 Bd7 9. Nc3 e6 10. O-O a6 11. Bd3 dxe5 12. dxe5 Nb4 13. Be4 Bc6 14. Qe2 Bxe4 15. Qxe4 N4d5 16. Be3 Nxc3 17. bxc3 Qd5 18. Qg4 Qc4 19. Bd4 Nd5 20. Nd2 Qd3 21. Rfd1 h5 22. Qe4 Qxe4 23. Nxe4 Be7 24. c4 Nf4 25. Rab1 O-O-O 26. Kf1 Rd7 1/2-1/2

[Event "*** Titled Tuesday 3|2 Blitz"]
[Site "Chess.com"]
[Date "2015.06.02"]
[Round "5"]
[White "Philofive"]
[Black "HansCoolNiemann"]
[Result "1-0"]
[WhiteElo "2222"]
[BlackElo "1957"]
[TimeControl "180+2"]
[EndTime "11:55:29 PDT"]
[Termination "Philofive won by resignation"]

1. d4 Nf6 2. Bg5 Ne4 3. Bf4 c5 4. f3 Qa5+ 5. c3 Nf6 6. d5 Qb6 7. e4 Qxb2 8. Nd2 Qxc3 9. Bc7 b6 10. Rc1 Qa5 11. Be5 d6 12. Bc3 Qa3 13. Nc4 Qa4 14. Qxa4+ Bd7 1-0

[Event "*** Titled Tuesday 3|2 Blitz"]
[Site "Chess.com"]
[Date "2015.06.02"]
[Round "5"]
[White "kleinebeer98"]
[Black "kesarev"]
[Result "1-0"]
[WhiteElo "2278"]
[BlackElo "2144"]
[TimeControl "180+2"]
[EndTime "11:56:04 PDT"]
[Termination "kleinebeer98 won by resignation"]

1. e4 g6 2. Nc3 Bg7 3. d4 c5 4.
dxc5 Bxc3+ 5. bxc3 Qa5 6. Ne2 Qxc5 7. g3 b6 8. Bg2 Bb7 9. O-O Nf6 10. Bh6 Bxe4 11.
Bg7 Rg8 12. Bxf6 Bxg2 13. Kxg2 Qc6+ 14. Kg1 Qxf6 15. Nf4 e6 16. Re1 Kf8 17. a4 d5 18.
c4 dxc4 19. Qf3 Nc6 20. Nxe6+ Ke7 21. Nc7+ Ne5 22. Nd5+ 1-0

[Event "*** Titled Tuesday 3|2 Blitz"]
[Site "Chess.com"]
[Date "2015.06.02"]
[Round "5"]
[White "only_defence"]
[Black "geeeeri"]
[Result "1-0"]
[WhiteElo "2168"]
[BlackElo "2142"]
[TimeControl "180+2"]
[EndTime "11:56:35 PDT"]
[Termination "only_defence won by resignation"]

1. d4 e6 2. c4 Nf6 3. Nc3 d5 4. Bg5 Be7 5. Nf3 O-O 6. e3 c6 7. Rc1 Nbd7 8. Bd3 Re8 9. O-O h6 10. Bh4 a6 11. Qe2 Nf8 12. Rfd1 b5 13. b3 b4 14. Na4 Bd7 15. Ne5 Qa5 16. cxd5 cxd5 17. Nc6 Bxc6 18. Rxc6 N8d7 19. Bg3 Rec8 20. Rdc1 Qd8 21. Bxa6 Rxc6 22. Rxc6 Nb8 23. Rc8 Nxa6 24. Rxd8+ Bxd8 25. Qb5 Rc8 26. h3 Rc1+ 27. Kh2 Nc7 28. Qb8 Nce8 29. Qxd8 Kh7 30. Qb6 Ne4 31. Qxb4 N8f6 32.
Nc5 g5 33. Nxe4 Nxe4 34. Qf8 Kg6 35. Qg8+ 1-0

[Event "*** Titled Tuesday 3|2 Blitz"]
[Site "Chess.com"]
[Date "2015.06.02"]
[Round "5"]
[White "Ar4uha"]
[Black "adypady02"]
[Result "1-0"]
[WhiteElo "2450"]
[BlackElo "2265"]
[TimeControl "180+2"]
[EndTime "11:56:38 PDT"]
[Termination "Ar4uha won by resignation"]

1. e4 e6 2. c4 d5 3. exd5 exd5 4. cxd5 Nf6 5. Bb5+ Bd7 6. Bc4 Bd6 7. Nf3 O-O 8. O-O Bg4 9. d4 Nbd7 10. Nc3 Nb6 11. Bb3 Nbxd5 12. Nxd5 Nxd5 13. Bxd5 c6 14. Be4 Re8 15.
Bc2 Bc7 16. Qd3 g6 17. Ne5 Be6 18. Bh6 Qh4 19. Qe3 f6 20. Nf3 Qh5 21. Bf4 Bc4 22.
Qd2 Bxf4 23. Qxf4 Bxf1 24. Rxf1 Rf8 25. Re1 g5 26. Qc7 g4 27. Re7 gxf3 28. Rg7+ 1-0

[Event "*** Titled Tuesday 3|2 Blitz"]
[Site "Chess.com"]
[Date "2015.06.02"]
[Round "5"]
[White "GregShahade"]
[Black "ilmago"]
[Result "1-0"]
[WhiteElo "2331"]
[BlackElo "1869"]
[TimeControl "180+2"]
[EndTime "11:56:47 PDT"]
[Termination "GregShahade won by resignation"]

1. c4 Nf6 2. Nc3 g6 3. g3 Bg7 4.
Bg2 O-O 5. Nf3 d6 6. O-O e5 7. d3 Nc6 8. Rb1 a5 9. a3 Be6 10. b4 axb4 11. axb4 Nd4 12. Nxd4 exd4 13. Nb5 d5 14.
Nxd4 dxc4 15. Nxe6 fxe6 16. dxc4 c6 17. Be3 Ra2 18.
Bf3 Qa8 19. Qd6 Re8 20. b5 Bf8 21. Qf4 Bg7 22. bxc6 bxc6 23. Qd6 Rc2 24. Bxc6 Qd8 25. Qf4 Rxe2 26. Bxe8 Nxe8 27. Rb8 Qd7 28. Qf3 Rc2 29. Rd1 1-0

[Event "*** Titled Tuesday 3|2 Blitz"]
[Site "Chess.com"]
[Date "2015.06.02"]
[Round "5"]
[White "MartinZumsande"]
[Black "esr44"]
[Result "1-0"]
[WhiteElo "2308"]
[BlackElo "2012"]
[TimeControl "180+2"]
[EndTime "11:56:50 PDT"]
[Termination "MartinZumsande won on time"]

1. e4 c6 2. d4 d5 3. exd5 cxd5 4. c4 Nf6 5. Nc3 Nc6 6. Bg5 e6 7. cxd5 exd5 8. Nf3 Be7 9. h3 O-O 10. Bd3 Qb6 11.
O-O Qxb2 12. Nb5 Be6 13. Nc7 Rac8 14. Nxe6 fxe6 15. Rb1 Qxa2 16. Rxb7 Bd6 17. Re1 Rce8 18. Bb5 Ne4 19. Be3 Rc8 20. Qa1 Qxa1 21. Rxa1 h6 22. Ra6 Nb4 23. Raxa7 1-0

[Event "*** Titled Tuesday 3|2 Blitz"]
[Site "Chess.com"]
[Date "2015.06.02"]
[Round "5"]
[White "amandarm"]
[Black "Theladies"]
[Result "1-0"]
[WhiteElo "2090"]
[BlackElo "1700"]
[TimeControl "180+2"]
[EndTime "11:56:57 PDT"]
[Termination "amandarm won by resignation"]

1. d4 Nf6 2. c4 g6 3. Nc3 d5 4.
cxd5 Nxd5 5. e4 Nxc3 6. bxc3 c5 7.
Nf3 Bg7 8. Bc4 O-O 9. O-O Nc6 10. Be3 Qc7 11. Rc1 b6 12. dxc5 Na5 13. Bd5 Bb7 14.
cxb6 axb6 15. c4 Rad8 16. Qa4 Ra8 17. Qb5 Ra6 18. Rfd1 Bc8 19. c5 bxc5 20. Rxc5 Qd6 21. Bxf7+ Kxf7 22. Rxd6 exd6 23. Rc7+ Kg8 24. h3 Ra8 25.
Qd5+ 1-0

[Event "*** Titled Tuesday 3|2 Blitz"]
[Site "Chess.com"]
[Date "2015.06.02"]
[Round "5"]
[White "RitvarsReimanis"]
[Black "Imre91"]
[Result "0-1"]
[WhiteElo "2350"]
[BlackElo "2555"]
[TimeControl "180+2"]
[EndTime "11:57:44 PDT"]
[Termination "Imre91 won by resignation"]

1. d4 d5 2. c4 c6 3. e3 Nf6 4. f4 g6 5. Nf3 Bg7 6. Nc3 O-O 7. Bd3 c5 8. O-O cxd4 9. Nxd4 Nc6 10. Nxc6 bxc6 11. Qf3 Ba6 12. Rd1 e6 13. Bf1 Qb6 14.
cxd5 cxd5 15. Bxa6 Qxa6 16. Rb1 Rfc8 17. Bd2 Rc4 18. Be1 Rac8 19. h3 Qb6 20. Kh2 h5 21. Qe2 Qb8 22. Kg1 Qd6 23. Rd3 Qb6 24.
Kh2 Qb8 25. Kg1 Ne4 26. Nxe4 Rxe4 27. Rb3 Qxf4 28. Qa6 Qc7 29. Bd2 Rc4 30. Rb7 Qg3 31. Rf1 Be5 32. Rf3 Rc1+ 33. Bxc1 Rxc1+ 34. Qf1 Qh2+ 35. Kf2 Bg3+ 36. Ke2 Rxf1 0-1

[Event "*** Titled Tuesday 3|2 Blitz"]
[Site "Chess.com"]
[Date "2015.06.02"]
[Round "5"]
[White "stepanosinovsky"]
[Black "Zvonokchess"]
[Result "1-0"]
[WhiteElo "2305"]
[BlackElo "2512"]
[TimeControl "180+2"]
[EndTime "11:57:45 PDT"]
[Termination "stepanosinovsky won by resignation"]

1. Nf3 Nf6 2. g3 b6 3. Bg2 Bb7 4. O-O e6 5. d3 d5 6. e4 dxe4 7. Ng5 Be7 8. Nd2 Nbd7 9. Ngxe4 Nxe4 10. Nxe4 Qc8 11. Qg4 Kf8 12. Qe2 Nc5 13. Be3 Nxe4 14.
dxe4 Bf6 15. c3 c5 16. Rfd1 Ke7 17. e5 Bxe5 18. Bxb7 Qxb7 19. Bxc5+ bxc5 20. Qxe5 Qc6 21. Qg5+ Kf8 22. Rd8+ Rxd8 23. Qxd8+ Qe8 24. Rd1 g6 25. Qf6 Kg8 26. Rd8 Qxd8 27. Qxd8+ Kg7 28. Qc7 h5 29.
Qxc5 Rd8 30. Qxa7 h4 31. gxh4 Rd1+ 32. Kg2 Rd2 33. b4 e5 34. b5 Rxa2 35. Qxa2 1-0

[Event "*** Titled Tuesday 3|2 Blitz"]
[Site "Chess.com"]
[Date "2015.06.02"]
[Round "5"]
[White "ruifeng"]
[Black "AnastasiaProtopopova"]
[Result "1-0"]
[WhiteElo "2069"]
[BlackElo "1838"]
[TimeControl "180+2"]
[EndTime "11:57:48 PDT"]
[Termination "ruifeng won by resignation"]

1. e4 e5 2. Nf3 Nc6 3. Bc4 Nf6 4. d3 Bc5 5. O-O O-O 6. c3 d5 7. exd5 Nxd5 8. Nbd2 Nb6 9. Ne4 Nxc4 10. Nxc5 Nd6 11. Re1 Re8 12. h3 b6 13. Ne4 Bb7 14. Qc2 f5 15.
Bg5 Qd7 16. Nxd6 Qxd6 17. Bh4 Qg6 18. d4 Nxd4 19. cxd4 Bxf3 20. Qb3+ Kh8 21. Qxf3 e4 22. Qe3 Qf7 23. Bg3 Rad8 24. b3 Qd7 25. Rac1 Rc8 26.
Rc4 Qf7 27. Rec1 Re7 28. Rc6 Rf8 29. Bf4 h6 30. Rxc7 Rxc7 31. Rxc7 Qd5 32. Bxh6 1-0

[Event "*** Titled Tuesday 3|2 Blitz"]
[Site "Chess.com"]
[Date "2015.06.02"]
[Round "5"]
[White "MITerryble"]
[Black "grandmastergauri"]
[Result "1-0"]
[WhiteElo "2527"]
[BlackElo "2288"]
[TimeControl "180+2"]
[EndTime "11:57:49 PDT"]
[Termination "MITerryble won by resignation"]

1. d4 Nf6 2. Nf3 e6 3. c4 Bb4+ 4. Bd2 Qe7 5. g3 Bxd2+ 6. Qxd2 d6 7. Nc3 b6 8. Bg2 Bb7 9. O-O Nbd7 10. Qc2 O-O 11.
e4 e5 12. Rfe1 Rfe8 13. Nd5 Nxd5 14. cxd5 Rac8 15. Rad1 a5 16. dxe5 dxe5 17. Bh3 Qd6 18. Nd2 Rcd8 19. Nc4 Qh6 20. Bxd7 Rxd7 21. Qc3 Qf6 22. Rc1 h5 23. h4 Ba6 24. Ne3 Qf3 25. Nf5 Qg4 26. f3 Qh3 27. Rc2 g6 28. Rh2 Qxh2+ 29.
Kxh2 gxf5 30. Qc6 Rde7 31. exf5 Bc8 32. Qf6 Rd7 33. Qg5+ Kf8 34. f6 1-0

[Event "*** Titled Tuesday 3|2 Blitz"]
[Site "Chess.com"]
[Date "2015.06.02"]
[Round "5"]
[White "pKiLz5Rn9b"]
[Black "MinhGTrAn"]
[Result "0-1"]
[WhiteElo "2323"]
[BlackElo "2570"]
[TimeControl "180+2"]
[EndTime "11:58:08 PDT"]
[Termination "MinhGTrAn won by resignation"]

1. e4 d6 2. d4 Nf6 3. Nc3 e5 4. Nf3 Nbd7 5. Be2 Be7 6. O-O O-O 7.
h3 c6 8. a4 b6 9. Be3 Bb7 10.
Re1 a6 11. b4 b5 12. Qd2 Re8 13.
Red1 Bf8 14. d5 cxd5 15. exd5 bxa4 16. Rxa4 Nb6 17. Ra5 Rc8 18. Bxb6 Qxb6 19. Na4 Qc7 20. c4 g6 21. Rc1 e4 22. Nh2 Re5 23. Ng4 Nxg4 24.
Bxg4 Rce8 25. b5 e3 26. fxe3 Bh6 27. bxa6 Bxe3+ 28. Qxe3 Rxe3 29. axb7 Qxa5 30. Bc8 Re1+ 31. Rxe1 Qxe1+ 32. Kh2 Qe5+ 0-1

[Event "*** Titled Tuesday 3|2 Blitz"]
[Site "Chess.com"]
[Date "2015.06.02"]
[Round "5"]
[White "ChadaevNikolay"]
[Black "lorcho"]
[Result "0-1"]
[WhiteElo "2609"]
[BlackElo "2451"]
[TimeControl "180+2"]
[EndTime "11:58:10 PDT"]
[Termination "lorcho won by resignation"]

1. Nf3 d5 2. g3 Nf6 3. Bg2 c5 4. O-O Nc6 5. d4 e6 6. c4 Be7 7. cxd5 exd5 8. Nc3 O-O 9. b3 a6 10.
Bb2 Bf5 11. Rc1 cxd4 12. Nxd4 Be6 13. Nxc6 bxc6 14. Na4 Rc8 15. Qd4 Re8 16. e3 Bf8 17. Nc5 Bf5 18. Rfd1 Qb6 19. h3 Bg6 20. Qc3 Rc7 21.
Rd4 a5 22. Ra4 Ra8 23. Qd4 h6 24. Qc3 Bd6 25. Rh4 Be7 26. Ra4 Bd6 27. Qd4 Be7 28.
Ne6 c5 29. Nxc7 cxd4 30. Nxa8 Qb8 31. Nc7 dxe3 32. fxe3 Bd6 33. Bxf6 Bxc7 34. Bd4 Qd8 35. b4 Qd6 36. bxa5 Qxg3 37. Bb6 Qh2+ 38. Kf2 Bg3+ 39.
Kf3 Be4+ 40. Rxe4 dxe4+ 41. Kxe4 Qxg2+ 42. Kd4 Qd2+ 0-1

[Event "*** Titled Tuesday 3|2 Blitz"]
[Site "Chess.com"]
[Date "2015.06.02"]
[Round "5"]
[White "Hikaru"]
[Black "Cryptochess"]
[Result "1-0"]
[WhiteElo "2806"]
[BlackElo "2374"]
[TimeControl "180+2"]
[EndTime "11:58:17 PDT"]
[Termination "Hikaru won by resignation"]

1. e4 d6 2. d4 Nf6 3. Nc3 g6 4. f4 Bg7 5. Nf3 c5 6. Bb5+ Bd7 7. e5 Ng4 8. e6 fxe6 9. Ng5 Bxb5 10. Nxe6 Bxd4 11.
Nxb5 Qa5+ 12. Qd2 Bf2+ 13. Kd1 Ne3+ 14. Ke2 Qxb5+ 15. Kxf2 Ng4+ 16. Kg3 Na6 17. Re1 Qd7 18. b3 h5 19. Bb2 Rg8 20. Re2 Nc7 21. Rae1 Nxe6 22.
Rxe6 O-O-O 23. Rxe7 h4+ 24. Kxh4 Qf5 25. h3 g5+ 26.
fxg5 Ne5 27. Bxe5 dxe5 28. R1xe5 Qg6 29. Rxc5+ Kb8 30. Qf4+ Ka8 31. Kg3 Qb6 32. Rec7 Qa6 33. Kh2 Qe2 34. Qg4 Qe8 35. Qf3 Rb8 36. a4 a6 37. h4 Qd8 38. Qd5 Qf8 39. Rf7 Qe8 40.
Rf6 Ka7 41. Qd4 Ka8 42. Rc7 Rh8 43. Rxa6+ 1-0